Selects Australian Defense Battlegroup
Selects Australian Light Infantry Section
Australian Light Infantry Section
Construct Section Command Post
Australian Light Infantry Section
Australian Light Infantry Section
Selects Defensive Tactics
Construct Platoon Command Post
Construct Field Infirmary
Unlock M3 Stuart Light Tanks
Australian Light Infantry Section
Selects CMP 15cwt Supply Run
Selects Reinforced Resource Caches